 Dungeon Crawl Stone Soup version 0.18-a0-1577-gf591c28 (webtiles) character file.

2790 namename2 the Grappler (level 9, 0/75 HPs)
             Began as a Ghoul Gladiator on Mar 20, 2016.
             Was a Believer of Okawaru.
             Slain by Duffy's ghost (21 damage)
             ... on level 8 of the Dungeon.
             The game lasted 00:53:51 (5719 turns).

namename2 the Grappler (Ghoul Gladiator)            Turns: 5719, Time: 00:53:52

Health: 0/75       AC: 13    Str: 19    XL:     9   Next: 71%
Magic:  8/9        EV: 14    Int:  3    God:    Okawaru [**....]
Gold:   11         SH:  0    Dex: 12    Spells: 0 memorised, 8 levels left

rFire  + . .     SeeInvis .       - Unarmed
rCold  + + .     Gourm    .     p - +0 scale mail (curse)
rNeg   + + +     Faith    .     (no shield)
rPois  ∞         Spirit   .     b - +0 helmet
rElec  +         Dismiss  .     E - +0 cloak
rCorr  +         Reflect  .     (no gloves)
SustAt .         Harm     .     F - +0 pair of boots
MR     .....     Rnd*Tele +     (no amulet)
Stlth  +.........               y - ring of teleportation (curse)
                                a - ring of flight

@: resistant, heroism, very slightly contaminated, rotting, hasted, very quick,
not resistant to hostile enchantments, very unstealthy
A: rotting body, claws 1, carnivore 3, cold resistance 1, negative energy
resistance 3, slow regeneration 1, torment resistance, unbreathing
a: Heroism, Renounce Religion, Evoke Flight


You were on level 8 of the Dungeon.
You worshipped Okawaru.
Okawaru was pleased with you.
You were not hungry.

You visited 2 branches of the dungeon, and saw 9 of its levels.

You collected 440 gold pieces.
You spent 429 gold pieces at shops.

Inventory:

Hand Weapons
 J - a +0 blowgun
Missiles
 e - 193 stones (quivered)
 g - 12 needles of confusion
 n - 96 poisoned needles
 o - 6 tomahawks of returning
Armour
 b - a +0 helmet (worn)
 p - a cursed +0 scale mail (worn)
 E - a +0 cloak (worn)
 F - a +0 pair of boots (worn)
Jewellery
 a - a ring of flight (left claw)
 y - a cursed ring of teleportation (right claw)
Wands
 D - a wand of lightning (6/15)
 H - a wand of random effects (13/48)
 I - a wand of teleportation (7/9)
Scrolls
 l - a scroll of fog {unknown}
 m - 2 scrolls of teleportation {unknown}
 q - 2 scrolls of enchant armour {unknown}
 s - a scroll of fear {unknown}
 u - a scroll of recharging {unknown}
 w - 2 scrolls of random uselessness {unknown}
 x - a scroll of blinking {unknown}
 B - 3 scrolls of amnesia {unknown}
 C - a scroll of enchant weapon {unknown}
Potions
 f - 2 potions of curing
 h - a potion of berserk rage {unknown}
 i - a potion of haste
 j - 5 potions of degeneration {unknown}
 k - 3 potions of brilliance
 r - a potion of mutation {unknown}
 z - a potion of ambrosia
 A - a potion of resistance
 G - a potion of invisibility {unknown}
Books
 c - a book of Summonings

   Spells                             Type                      Level
   a - Recall                         Summoning/Translocation      3
   b - Aura of Abjuration             Summoning                    5
   c - Summon Demon                   Summoning                    5
   d - Summon Forest                  Summoning/Translocation      5
   e - Summon Mana Viper              Hexes/Summoning              5
   f - Shadow Creatures               Summoning                    6
 K - a book of Battle

   Spells                             Type                      Level
   a - Infusion                       Charms                       1
   b - Shroud of Golubria             Charms/Translocation         2
   c - Song of Slaying                Charms                       2
   d - Spectral Weapon                Hexes/Charms                 3
   e - Regeneration                   Charms/Necromancy            3
Comestibles
 d - 4 meat rations
 t - 8 chunks of flesh
 v - 2 slices of pizza
 L - a beef jerky


   Skills:
 - Level 6.0(11.0) Fighting
 + Level 2.3(7.3) Throwing
 - Level 5.1(10.1) Armour
 - Level 5.1(10.1) Dodging
 - Level 10.1(15.1) Unarmed Combat
 - Level 2.3 Invocations


You had 8 spell levels left.
You didn't know any spells.

Dungeon Overview and Level Annotations

Branches:
Dungeon (8/15)             Temple (1/1) D:5
   Lair: D:8-11

Altars:
Ashenzari
Dithmenos
Elyvilon
Fedhas
Kikubaaqudgha
Makhleb
Nemelex Xobeh
Okawaru
Pakellas
Qazlal
Ru
Sif Muna
Trog
Vehumet
Xom
The Shining One

Shops:
D:7 =   D:8 }

Annotations:
D:8 Duffy's ghost, novice FoFE


Innate Abilities, Weirdness & Mutations

Your body is rotting away.
You thrive on raw meat.
You are immune to poison.
You have sharp fingernails.
You are carnivorous and can eat meat at any time.
Your flesh is cold resistant.
You are immune to negative energy.
You regenerate slowly when monsters are visible.
You are immune to unholy pain and torment.
You can survive without breathing.


Message History

You are very lightly contaminated with residual magic.
You scratch Duffy's ghost but do no damage.
Duffy's ghost is heavily damaged.
Duffy's ghost barely misses you.
You scratch Duffy's ghost but do no damage.
Duffy's ghost is heavily damaged.
You scratch Duffy's ghost but do no damage.
Duffy's ghost is heavily damaged.
Duffy's ghost hits you.
* * * LOW HITPOINT WARNING * * *
Drink which item? (? for menu, Esc to quit)
You feel better.
Drink which item? (? for menu, Esc to quit)
You feel better. Duffy's ghost misses you.
You closely miss Duffy's ghost. Your claw misses Duffy's ghost.
Duffy's ghost is heavily damaged.
You completely miss Duffy's ghost.
Duffy's ghost is heavily damaged.
Duffy's ghost hits you!!
You die...

.###.### .# .# #......#
.# .# #......# .# #.#
#......#.# .# #.#
#......#.# .# #.#
#......#.# .# #.# #
#....(.#.# .# #.#.#
#......#.# .###.#.#
#W@#.# .......#
####.#.#### ####$###
#.........# #.....#
#.........# ##########
#.........#
......############.####
#####.#..........#..#
#.............#..#
#..#..........#..# ...


You could see Duffy's ghost.

Vanquished Creatures
  The ghost of kak the Sneak, a novice OpFE (D:6)
  Eustachio (D:5)
  A hungry ghost (D:5)
  A water moccasin (D:5)
  2 orc warriors (D:7)
  2 sky beasts
  A centaur (D:5)
  3 ogres
  A phantom (D:5)
  A crocodile (D:8)
  A big kobold (D:8)
  Blork the orc (D:4)
  A giant frog (D:8)
  2 scorpions
  A howler monkey (D:5)
  A wasp zombie (D:5)
  A centaur skeleton (D:5)
  A hound (D:5)
  4 orc priests
  A giant frog skeleton (D:5)
  2 jellies (D:5)
  5 orc wizards
  An iguana (D:5)
  9 worker ants
  A hound skeleton (D:7)
  5 gnolls
  A howler monkey skeleton (D:8)
  10 adders
  2 oozes
  An adder zombie (D:5)
  5 worms
  A dart slug (D:2)
  3 giant geckos
  19 orcs
  6 giant cockroaches
  8 goblins
  6 hobgoblins
  10 jackals
  12 kobolds
  5 quokkas
  2 ball pythons
  4 bats
  A giant gecko skeleton (D:7)
  A giant gecko zombie (D:6)
  6 giant newts
  A jackal skeleton (D:5)
  5 rats
160 creatures vanquished.

Vanquished Creatures (others)
  A lightning spire (D:4)
  An orc wizard (D:7)
  2 bushes (D:4)
4 creatures vanquished.

Grand Total: 164 creatures vanquished

Notes
Turn   | Place    | Note
--------------------------------------------------------------
     0 | D:1      | namename2 the Ghoul Gladiator began the quest for the Orb.
     0 | D:1      | Reached XP level 1. HP: 17/17 MP: 0/0
   315 | D:1      | Reached skill level 4 in Unarmed Combat
   315 | D:1      | Reached XP level 2. HP: 24/24 MP: 1/1
   876 | D:2      | Reached XP level 3. HP: 20/29 MP: 2/2
  1268 | D:2      | Reached skill level 5 in Unarmed Combat
  1401 | D:2      | Reached XP level 4. HP: 28/35 MP: 3/3
  2041 | D:3      | Reached skill level 6 in Unarmed Combat
  2041 | D:3      | Reached XP level 5. HP: 38/41 MP: 4/4
  2664 | D:4      | Noticed Blork the orc
  2685 | D:5      | Entered Level 5 of the Dungeon
  2767 | D:4      | Reached skill level 7 in Unarmed Combat
  2767 | D:4      | Reached XP level 6. HP: 30/48 MP: 5/5
  2798 | D:4      | Found an oddly glowing altar of Pakellas.
  2799 | D:4      | Noticed a gargoyle
  3137 | D:4      | Killed Blork the orc
  3137 | D:4      | Reached skill level 8 in Unarmed Combat
  3153 | D:5      | Found a deep blue altar of Sif Muna.
  3156 | D:5      | Found a glowing golden altar of the Shining One.
  3156 | D:5      | Found a bloodstained altar of Trog.
  3159 | D:5      | Noticed a water moccasin
  3165 | D:5      | Killed a water moccasin
  3165 | D:5      | Reached XP level 7. HP: 35/55 MP: 6/6
  3194 | D:5      | Noticed Eustachio
  3226 | D:5      | Killed Eustachio
  3226 | D:5      | Reached skill level 9 in Unarmed Combat
  3291 | D:5      | Found a radiant altar of Vehumet.
  3521 | D:5      | Found a staircase to the Ecumenical Temple.
  3532 | Temple   | Entered the Ecumenical Temple
  3548 | Temple   | Became a worshipper of Warmaster Okawaru
  3634 | D:5      | Reached skill level 10 in Unarmed Combat
  3634 | D:5      | Reached XP level 8. HP: 33/61 MP: 7/7
  3959 | D:5      | Reached * piety under Okawaru
  3959 | D:5      | Reached skill level 5 in Fighting
  4312 | D:6      | Noticed kak's ghost (novice OpFE)
  4573 | D:6      | Killed kak's ghost
  4573 | D:6      | Reached XP level 9. HP: 67/75 MP: 6/9
  4669 | D:7      | Reached ** piety under Okawaru
  4771 | D:7      | Found Tuev's Jewellery Emporium.
  4972 | D:7      | Reached skill level 5 in Armour
  5423 | D:8      | Found Mytoez's Gadget Shop.
  5449 | D:8      | Bought a wand of teleportation (7/9) for 429 gold pieces
  5556 | D:8      | Reached skill level 5 in Dodging
  5699 | D:8      | Noticed Duffy's ghost (novice FoFE)
  5715 | D:8      | HP: 3/75 [Duffy's ghost (2)]
  5719 | D:8      | Slain by Duffy's ghost

Vault maps used:
D:1:      dpeg_arrival_connections, minmay_liquid_box, hangedman_glass_teeth
D:4:      first_bread, gammafunk_pakellas_spire_experiment, uniq_blork_the_orc
D:5:      nicolae_overflow_quartered_altars, minmay_temple_entry_glassed_door,
          uniq_eustachio
D:6:      minivault_27, minmay_hedge_maze
D:7:      serial_shops, shop
D:8:      erik_lair_orcish_takeover, serial_shops, shop
Temple:   lightli_temple_of_artemis

Skill      XL: |  1  2  3  4  5  6  7  8  9 |
---------------+----------------------------+-----
Unarmed Combat | 4 5 6 7 8 10 | 10.1
Fighting       | 6 |  6.0
Invocations    | 2 |  2.3
Throwing       | 2 |  2.3
Armour         | 3 5 |  5.1
Dodging        | 5 |  5.1

Action                   |  1- 3 |  4- 6 |  7- 9 || total
-------------------------+-------+-------+-------++-------
Melee: Unarmed           |   105 |   177 |   329 ||   611
Throw: Stone             |    14 |     1 |    16 ||    31
       Throwing net      |     1 |       |     5 ||     6
       Tomahawk          |       |       |    14 ||    14
Invok: Heroism           |       |       |     4 ||     4
  Use: Scroll            |       |     2 |     4 ||     6
       Potion            |       |       |     7 ||     7
 Stab: Held in net/web   |     2 |       |     1 ||     3
  Eat: Chunk             |     7 |    22 |    28 ||    57
